Map: Dusk Towers

Players

lesha

  • Race: Terran Terran
  • League: Silver

Alligatorrr - Winner!

  • Race: Zerg Zerg
  • League: Silver

VOD

Have the link to the VOD?

Description

Time

  • Played on: Dec. 29, 2015, 8:30 a.m.
  • Length: 16:39
Show
View Real Time Build Order
Export as new Build Order

lesha Terran 

Build Orders: Reaper Expand, MMM Bio 

Get SALT Encoding   

  12  0:01  SCV  
  13  0:13  SCV  
  14  0:19  Supply Depot  
  14  0:25  SCV  
  15  0:40  SCV  
  15  0:41  Barracks  
  16  0:46  Refinery  
  16  0:52  SCV  
  17  1:04  SCV  
  18  1:16  SCV  
  19  1:30  Command Center, Reaper  
  20  1:35  SCV  
  21  1:49  Orbital Command  
  21  1:54  Supply Depot  
  21  2:00  Refinery  
  21  2:05  Marine  
  22  2:20  SCV  
  23  2:24  Barracks Reactor  
  23  2:32  SCV  
  24  2:47  SCV  
  24  2:48  Orbital Command  
  25  2:57  Factory  
  25  3:02  SCV, Barracks  
  25  3:03  Barracks  
  25  3:04  Marine  
  27  3:05  Marine  
  28  3:14  SCV  
  29  3:21  SCV  
  29  3:26  SCV, Marine x2  
  33  3:36  SCV  
  33  3:38  SCV, Engineering Bay  
  35  3:43  Factory Tech Lab  
  35  3:53  Barracks Tech Lab, Starport  
  35  3:54  Barracks Reactor, Marine  
  36  3:55  Marine  
  37  4:05  Engineering Bay  
  36  4:17  Marine x2  
  36  4:18  Marine  
  36  4:20  Siege Tank  
  42  4:24  SCV  
  42  4:25  SCV  
  42  4:30  Marine x2  
  46  4:35  Starport Reactor  
  46  4:37  Stimpack  
  46  4:43  Supply Depot x2  
  46  4:48  Terran Infantry Weapons Level 1  
  46  5:04  Marine x3  
  46  5:05  SCV x2, Missile Turret  
  51  5:08  Marine  
  51  5:10  Terran Infantry Armor Level 1  
  52  5:17  SCV x2  
  52  5:18  Supply Depot  
  52  5:19  Supply Depot, Medivac  
  52  5:20  Medivac  
  58  5:21  Supply Depot  
  58  5:23  Marine x2  
  58  5:26  Marine  
  58  5:27  Marine  
  62  5:39  Marine  
  62  5:41  Marine  
  64  5:53  Barracks  
  64  5:55  Armory, Barracks  
  64  6:04  Marine x4  
  64  6:05  Marine  
  64  6:07  Medivac  
  71  6:12  SCV  
  71  6:13  SCV  
  73  6:22  Marine  
  73  6:25  SCV x2  
  76  6:27  Supply Depot  
  76  6:30  Supply Depot  
  76  6:33  Refinery  
  76  6:35  Refinery  
  76  6:37  SCV x2  
  74  6:55  Marine x5  
  74  6:59  Barracks Reactor x2  
  79  7:06  Medivac  
  79  7:07  Medivac  
  83  7:12  Marine x2  
  83  7:13  Marine x3  
  83  7:30  Marine x3  
  83  7:31  Marine x2  
  83  7:36  Medivac  
  81  7:49  Command Center x2, Marine x6  
  81  7:50  Marine x3  
  90  7:51  Medivac  
  90  7:58  Combat Shields  
  92  8:06  Marine, Medivac  
  92  8:07  Terran Infantry Weapons Level 2  
  95  8:31  Marine x4  
  95  8:32  Marine x3  
  102  8:38  Marine x2  
  104  8:42  Supply Depot  
  104  8:43  Supply Depot  
  104  8:44  Supply Depot  
  104  8:47  Supply Depot  
  104  8:49  Marine x3  
  104  8:50  Marine x4  
  111  8:55  Marine x2  
  112  9:07  Marine x4  
  92  9:21  Marine x5  
  97  9:24  Medivac x2  
  97  9:27  Siege Tank  
  97  9:29  Marine x4  
  108  9:35  Orbital Command x2  
  108  9:39  SCV x2  
  110  9:49  Marine x4  
  110  9:50  Marine x3  
  110  9:51  SCV x2  
  119  9:52  Marine  
  119  9:53  Marine  
  119  9:59  Siege Tank  
  124  10:03  SCV  
  125  10:07  Marine  
  126  10:15  SCV  
  126  10:16  SCV x3  
  130  10:23  Marine x6  
  130  10:28  SCV x4  
  140  10:34  Barracks  
  140  10:37  Barracks  
  140  10:40  SCV  
  140  10:42  Barracks  
  141  10:46  Barracks  
  105  11:12  Marine  
  105  11:13  Marine x7  
  105  11:14  Marine  
  106  11:21  Medivac x2  
  106  11:24  Siege Tank  
  113  11:29  Barracks Reactor x3  
  113  11:30  Marine x2  
  113  11:31  Marine x7  
  113  11:32  Marine  
  123  11:42  Supply Depot  
  123  11:43  Supply Depot x2  
  123  11:47  SCV  
  123  11:48  SCV x3, Marine x3  
  123  11:49  Marine  
  123  11:51  Medivac  
  123  11:52  Marine x2  
  123  11:53  Marine x4  
  139  12:00  SCV x4  
  143  12:06  Marine  
  144  12:10  Siege Tank  
  144  12:15  Terran Infantry Weapons Level 3, Terran Infantry Armor Level 2  
  147  12:35  Marine x3  
  147  12:36  Marine x8  
  147  12:37  Marine x3  
  158  12:42  Barracks Reactor  
  153  13:44  Marine x4  
  153  13:45  Marine x8  
  153  13:46  Marine x4  
  153  13:47  Marine  
  170  14:02  Marine x3  
  131  14:22  Marine x5  
  117  14:27  Marine x3  
  117  14:28  Marine x7  
  117  14:29  Marine x2  
  126  14:51  Refinery  
  126  14:55  Marine x5  
  126  14:56  Refinery, Marine  
  132  15:08  Factory  
  132  15:09  Factory  
  132  15:10  Factory  
  132  15:11  Factory  
  132  15:12  Factory  
  132  15:15  Factory  
  132  15:20  Marine x4  
  132  15:21  Marine x8  
  138  15:22  Marine x5  
  149  15:29  Command Center  
  149  15:38  Command Center, Marine x6  
  149  15:39  Marine  
  149  15:41  Marine x2  
  149  15:42  Marine x7  
  163  15:43  Marine  
  166  15:56  Marine x2  
  168  16:03  Command Center  
Show
View Real Time Build Order
Export as new Build Order

Alligatorrr Zerg - Winner!

Build Orders: Hatch First 

Get SALT Encoding   

  12  0:02  Drone  
  13  0:15  Overlord  
  13  0:17  Drone  
  14  0:34  Drone x2  
  16  0:51  Drone x2  
  18  1:02  Drone  
  18  1:03  Hatchery  
  18  1:09  Extractor  
  17  1:13  Drone  
  18  1:20  Spawning Pool  
  18  1:23  Drone  
  18  1:34  Drone  
  19  1:41  Overlord  
  19  1:53  Drone  
  20  2:06  Drone  
  21  2:11  Queen  
  21  2:15  Queen  
  25  2:17  Metabolic Boost  
  25  2:19  Zergling x2  
  25  2:20  Zergling x2  
  26  2:55  Drone x2  
  26  2:56  Drone x4  
  32  3:05  Roach Warren  
  31  3:18  Hatchery  
  30  3:21  Drone x4  
  30  3:26  Drone  
  30  3:27  Drone  
  36  3:28  Overlord  
  36  3:46  Drone x5  
  39  4:24  Drone  
  39  4:25  Drone x4  
  44  4:32  Overlord x3  
  44  4:36  Queen  
  46  4:44  Extractor  
  46  4:45  Extractor  
  44  4:59  Drone x2  
  46  5:00  Drone x6, Overlord  
  46  5:01  Overlord  
  52  5:11  Drone x5  
  52  5:12  Evolution Chamber  
  56  5:14  Evolution Chamber  
  55  5:34  Drone  
  55  5:35  Roach  
  58  5:36  Roach x6  
  58  5:38  Overlord  
  58  5:39  Overlord x2  
  70  5:45  Zerg Missile Weapons Level 1  
  70  5:46  Zerg Ground Armor Level 1  
  70  5:52  Lair  
  70  5:58  Spore Crawler  
  70  6:01  Spore Crawler  
  68  6:06  Spore Crawler  
  67  6:12  Hatchery  
  67  6:18  Drone x2  
  67  6:19  Drone x12  
  80  6:26  Extractor  
  71  6:48  Roach x2  
  71  6:49  Roach x6  
  68  7:02  Roach  
  68  7:03  Roach x3  
  72  7:18  Roach  
  72  7:19  Roach x2  
  78  7:45  Hatchery  
  77  7:58  Infestation Pit  
  76  7:59  Overlord x6  
  76  8:05  Zerg Ground Armor Level 2, Zerg Missile Weapons Level 2  
  76  8:17  Drone x2  
  78  8:23  Ravager  
  78  8:25  Ravager x2  
  78  8:26  Ravager x2  
  83  8:30  Roach  
  83  8:31  Roach x5  
  95  8:57  Hatchery  
  77  9:24  Queen  
  77  9:28  Roach x2  
  77  9:29  Roach x4  
  77  9:30  Roach x2  
  95  9:33  Pathogen Glands  
  95  9:36  Infestor x5  
  105  9:40  Drone  
  105  9:41  Drone x4  
  110  9:59  Hive  
  110  10:11  Extractor x2  
  108  10:17  Hatchery  
  107  10:21  Roach  
  107  10:23  Drone  
  107  10:24  Drone x15  
  125  10:45  Queen  
  125  10:48  Overlord x10  
  91  11:22  Roach  
  91  11:23  Roach x13  
  119  11:28  Zerg Ground Armor Level 3, Zerg Missile Weapons Level 3  
  119  11:39  Extractor  
  118  11:41  Extractor  
  118  11:43  Hatchery  
  116  12:01  Infestor  
  116  12:02  Infestor x3  
  116  12:06  Roach  
  116  12:07  Roach x2  
  130  12:08  Roach  
  130  12:10  Roach  
  134  12:16  Extractor  
  134  12:19  Drone x5  
  134  12:20  Drone x4  
  142  12:31  Roach  
  142  12:32  Roach x4  
  152  12:51  Roach  
  152  12:52  Roach x10  
  168  13:20  Queen  
  166  13:36  Queen  
  166  13:39  Queen  
  170  13:42  Roach  
  170  13:43  Roach x14  
  200  14:08  Hatchery  
  135  14:41  Roach x9  
  135  14:42  Roach x10  
  135  14:43  Roach x5  
  183  15:14  Roach x8  
  199  15:24  Burrow  
  199  15:28  Extractor  
  199  15:31  Extractor  
Tags
 
Add a new tag
Caveats
  • Supply blocks, unpowered buildings, or Contaminate may cause inaccurate times.
  • Supply counts are checked every 10 seconds.